 Dungeon Crawl Stone Soup version 0.31-a0-840-g6d2ecbb638 (webtiles) character file.

Game seed: 16761705413777880437

373 GenialerGandalf the Chopper (level 6, -2/55 HPs)
             Began as a Hill Orc Fighter on Sept 9, 2023.
             Was an Initiate of Beogh.
             Slain by a gnoll
             ... wielding a +0 club
             ... led by a gnoll sergeant
              (5 damage)
             ... on level 5 of the Dungeon on Sept 27, 2023.
             The game lasted 00:10:44 (4335 turns).

GenialerGandalf the Chopper (Hill Orc Fighter)      Turns: 4335, Time: 00:10:44

Health: -2/55      AC:  8    Str: 21    XL:     6   Next: 71%
Magic:  6/6        EV:  9    Int:  8    God:    Beogh [......]
Gold:   164        SH:  4    Dex: 10    Spells: 5/5 levels left

rFire   . . .        a - +0 war axe
rCold   . . .        c - +0 buckler
rNeg    . . .        b - +0 scale mail
rPois   .            p - +0 helmet
rElec   .            (no cloak)
rCorr   .            (no gloves)
SInv    .            (no boots)
Will    .....        (no amulet) Stlth
                     (no ring)
HPRegen 0.29/turn    (no ring)
MPRegen 0.10/turn

%: no passive effects
@: no status effects
A: no striking features
a: Renounce Religion


You were on level 5 of the Dungeon.
You worshipped Beogh.
Beogh was noncommittal.
You visited 1 branch of the dungeon, and saw 5 of its levels.

You collected 164 gold pieces.

Inventory:

Hand Weapons
 a - a +0 war axe (weapon)
Armour
 b - a +0 scale mail (worn)
 c - a +0 buckler (worn)
 p - a +0 helmet (worn)
Jewellery
 o - an amulet of guardian spirit
Wands
 f - a wand of flame (13)
 t - a wand of digging (8)
Scrolls
 k - a scroll of fog
 m - 2 scrolls of identify {unknown}
 q - a scroll of torment {unknown}
 r - a scroll of poison {unknown}
 s - 2 scrolls of revelation {unknown}
 u - a scroll of teleportation
Potions
 d - a potion of might
 e - 2 potions of invisibility {unknown}
 g - a potion of attraction {unknown}
 h - 2 potions of berserk rage {unknown}
 i - 2 potions of curing {unknown}
 j - a potion of ambrosia {unknown}
 l - 2 potions of brilliance {unknown}
 n - 2 potions of mutation {unknown}
 v - a potion of enlightenment {unknown}


   Skills:
 * Level 4.9 Fighting
 * Level 6.4 Axes
 * Level 4.6 Armour
 * Level 4.3 Shields


You had 5 spell levels left.
You didn't know any spells.
Your spell library contained the following spells:

 Spells                   Type           Power      Damage    Failure   Level
 Apportation              Tloc           0%         N/A       80%         1
 Jinxbite                 Hex            0%         N/A       91%         2
 Animate Dead             Necr           0%         N/A       100%        4
 Alistair's Intoxication  Tmut/Pois      0%         N/A       100%        5
 Haunt                    Necr/Summ      0%         N/A       100%        7
 Infestation              Necr           0%         N/A       100%        8


Dungeon Overview and Level Annotations

Branches:
Dungeon (5/15)             Temple (0/1) D:5

Altars:
Qazlal
Sif Muna


Message History

The gnoll is moderately wounded.
The gnoll sergeant hits you but does no damage.
The gnoll hits you with a +0 club.
You barely miss the gnoll.
The gnoll is moderately wounded.
The gnoll sergeant hits you from afar with a +0 trident!
The gnoll hits you but does no damage.
You closely miss the gnoll.
The gnoll is moderately wounded.
You block the gnoll's attack.
A gnoll comes into view. It is wielding a +0 whip.
The gnoll sergeant hits you from afar with a +0 trident.
The gnoll sergeant attacks as it pursues you!
You block the gnoll sergeant's attack.
You closely miss the gnoll.
The gnoll is moderately wounded.
The gnoll barely misses you.
The gnoll sergeant hits you but does no damage.
You hit the gnoll.
The gnoll is moderately wounded.
The gnoll sergeant hits you from afar with a +0 trident!
The gnoll hits you with a +0 club.
The gnoll sergeant hits you from afar with a +0 trident!
* * * LOW HITPOINT WARNING * * *
You hit the gnoll.
The gnoll is severely wounded.
The gnoll throws a stone.
The stone hits you but does no damage.
The gnoll sergeant hits you from afar with a +0 trident!
* * * LOW HITPOINT WARNING * * *
You block the gnoll's attack.
As you read the scroll of fog, it dissolves into smoke.
The gnoll throws a stone.
The stone barely misses you.
The gnoll sergeant hits you from afar with a +0 trident.
* * * LOW HITPOINT WARNING * * *
The gnoll hits you but does no damage. The gnoll barely misses you.
As you read the scroll of fog, it dissolves into smoke.
The gnoll hits you but does no damage. The gnoll attacks as it pursues you!
The gnoll hits you with a +0 club.
You die...

...........##..........####.#.#
......#.#..##...#.#.......#.#.#
<..........######.#######.#.#.# #
.......#...# #.....### #.#<#.#.#
.....#.....##..##.##..###...#.#.#
.....###...#.# ##+####.##.#.....#
.....# ##... ...........###.###
#.§######+#######.# #.#..
#gg§§g§g@§§.......# #....
#.##§####+####.#### ###.. .g
##§.##.##..## #.. ..g ..
##.....### # #.. ... ..#
###.####..# #.. ..
.....#.#.#.....# #.. .
.....#....###### #..
...............# #.#
...............# #.#


You could see a gnoll.

Vanquished Creatures
  2 hounds (D:4)
  An iguana (D:4)
  Natasha (D:2)
  An orc wizard (D:3)
  Terence (D:3)
  3 gnolls (D:2)
  9 adders
  A white imp (D:4)
  An ufetubus (D:5)
  An adder zombie (D:2)
  A worm (D:3)
  4 dart slugs
  2 orcs (D:3)
  7 endoplasms
  4 giant cockroaches
  6 goblins
  5 hobgoblins
  3 jackals (D:1)
  4 quokkas
  9 ball pythons
  2 ball python skeletons (D:2)
  7 bats
  9 frilled lizards
  2 giant cockroach zombies (D:2)
  9 kobolds
  A quokka skeleton (D:2)
  3 rats (D:1)
99 creatures vanquished.

Vanquished Creatures (others)
  2 orcs (D:3)
  A bat (D:3)
  An endoplasm (D:3)
  2 goblins (D:3)
  A quokka (D:3)
  A kobold (D:3)
8 creatures vanquished.

Grand Total: 107 creatures vanquished

Notes
Turn   | Place    | Note
-------+----------+-------------------------------------------
     0 | D:1      | GenialerGandalf the Hill Orc Fighter began the quest for
                  | the Orb.
     0 | D:1      | Reached XP level 1. HP: 19/19 MP: 1/1
   308 | D:1      | Reached XP level 2. HP: 23/27 MP: 2/2
   784 | D:1      | Reached skill level 3 in Axes
   788 | D:1      | Reached XP level 3. HP: 32/33 MP: 3/3
  1155 | D:2      | Reached XP level 4. HP: 40/40 MP: 4/4
  1285 | D:2      | Reached skill level 4 in Axes
  1447 | D:2      | Noticed Natasha
  1459 | D:2      | Killed Natasha
  1460 | D:2      | Reached XP level 5. HP: 23/47 MP: 5/5
  1771 | D:2      | Reached skill level 5 in Axes
  1831 | D:2      | Identified the +1 dagger of Untimely Demise {pain, Will+}
  2243 | D:3      | Became a worshipper of Beogh the Brigand
  2344 | D:3      | Noticed Terence
  2353 | D:3      | Killed Terence
  2354 | D:3      | Reached XP level 6. HP: 53/53 MP: 6/6
  2407 | D:3      | Found a shimmering blue altar of Sif Muna.
  2644 | D:3      | Found a faded altar of an unknown god.
  3027 | D:4      | Reached skill level 6 in Axes
  3548 | D:4      | Found a stormy altar of Qazlal.
  3941 | D:4      | Upgraded the game from 0.31-a0-704-g1016066182 to
                  | 0.31-a0-840-g6d2ecbb638
  4141 | D:5      | Entered Level 5 of the Dungeon
  4178 | D:5      | Found a staircase to the Ecumenical Temple.
  4330 | D:5      | HP: 1/55 [gnoll sergeant/+0 trident (5)]
  4335 | D:5      | Slain by a gnoll

Illustrated notes

Levels and vault maps discovered:
D:1:      dpeg_arrival_snail, layout_basic, minmay_pentomino_r4
D:2:      minmay_chambers_of_ones, layout_basic, dk_vineyard_2,
          dilly_guarded_unrand_morg
D:3:      kennysheep_big_flooded_room, layout_loops_cross,
          mainiacjoe_overflow_alcove_1, ebering_ecumenical_altar_petrified,
          uniq_terence
D:4:      layout_basic, mainiacjoe_overflow_cross_hatched
D:5:      minmay_octagon_keep, layout_basic, minmay_temple_entry_sparse_star,
          serial_demonic, serial_demonic_f, serial_demonic_d, serial_demonic_f,
          serial_demonic_e, serial_demonic_a, serial_park_tiny_1,
          kennysheep_doodads, interstate_on_off

Skill      XL: |  1  2  3  4  5  6 |
---------------+-------------------+-----
Fighting       | 4 |  4.9
Axes           | 3 4 5 6 |  6.4
Armour         | 4 |  4.6
Shields        | 4 |  4.3

Action                     |  1- 3 |  4- 6 || total
---------------------------+-------+-------++-------
  Melee: War axe           |   110 |   220 ||   330
 Invoke: Convert to Beogh  |       |     1 ||     1
    Use: Scroll            |       |     4 ||     4
 Armour: Scale mail        |    81 |   183 ||   264
  Dodge: Dodged            |    63 |   104 ||   167
  Block: Buckler           |    30 |    49 ||    79

Table legend: (Time is in decaauts)
 A = Elapsed time spent in this place.
 B = Non-inter-level travel time spent in this place.
 C = Inter-level travel time spent in this place.
 D = Time resting spent in this place.
 E = Time spent auto-exploring this place.
 F = Levels seen in this place.
 G = Mean time per level.
                   A        B        C        D        E       F      G
               +--------+--------+--------+--------+--------+-----+--------+
         Total |   4444 |   4253 |    191 |    100 |   3209 |   5 |  888.8 |
       Dungeon |   4444 |   4253 |    191 |    100 |   3209 |   5 |  888.8 |
               +--------+--------+--------+--------+--------+-----+--------+

Top non-repeatable levels by time:
     D:2: 1322 daAuts
     D:1: 1149 daAuts
     D:4: 976 daAuts
     D:3: 800 daAuts
     D:5: 197 daAuts
